 Dungeon Crawl Stone Soup version 0.26-a0-651-gb41185065b (webtiles) character file.

Game seed: 10876365052986735609

14070 Irenicus the Geomancer (level 11, -5/81 HPs)
             Began as a Deep Dwarf Earth Elementalist on Oct 27, 2020.
             Was an Elder of Makhleb.
             Slain by a freezing wraith (17 damage)
             ... in an ice cave.
             The game lasted 00:45:31 (5885 turns).

Irenicus the Geomancer (DDEE)                       Turns: 5885, Time: 00:45:32

Health: -5/81      AC:  7    Str: 17    XL:     11   Next: 83%
Magic:  3/27       EV: 11    Int: 20    God:    Makhleb [****..]
Gold:   1003       SH:  5    Dex: 17    Spells: 22/34 levels left

rFire    . . .     SeeInvis +   p - staff of earth
rCold    . . .     Faith    .   h - +0 buckler
rNeg     . . .     Spirit   .   w - +1 ring mail "Jitaitysk" {Dex+4} (curse)
rPois    .         Reflect  .   (no helmet)
rElec    .         Harm     +   r - scarf {harm}
rCorr    .         Rampage  .   (no gloves)
MR       +....                  c - +0 pair of boots
Stlth    ++........             z - amulet of magic regeneration
HPRegen  0.00/turn              e - ring of see invisible {sInv, !d}
MPRegen  0.45/turn              u - +6 ring of strength

@: non-regenerating, slowed, very slow
A: damage resistance, heal wounds, sense surroundings 2, no regeneration
a: Heal Wounds, Minor Destruction, Lesser Servant of Makhleb, Major Destruction,
Renounce Religion


You were in an ice cave.
You worshipped Makhleb.
Makhleb was greatly pleased with you.
You visited 3 branches of the dungeon, and saw 13 of its levels.
You also visited: Ossuary and Ice Cave.

You collected 1003 gold pieces.

Inventory:

Hand Weapons
 a - a +1 short sword
   (You took it off a kobold on level 1 of the Dungeon)
Missiles
 b - 87 stones (quivered)
 B - 2 throwing nets {=f, !d}
Armour
 c - a +0 pair of boots (worn)
   (You found it on level 4 of the Dungeon)
 h - a +0 buckler (worn)
   (You found it on level 4 of the Dungeon)
 r - a scarf of harm (worn)
   (You found it on level 7 of the Dungeon)
 w - the cursed +1 ring mail "Jitaitysk" (worn) {Dex+4}
   (You found it on level 6 of the Dungeon)

   It affects your dexterity (+4).
   It has a curse placed upon it.
Magical Staves
 p - an uncursed staff of earth (weapon)
   (You found it on level 3 of the Dungeon)
Jewellery
 e - a ring of see invisible (left hand) {sInv, !d}
   (You found it on level 6 of the Dungeon)
 u - a +6 ring of strength (right hand)
   (You took it off an orc on level 9 of the Dungeon)
 z - an amulet of magic regeneration (around neck)
   (You found it on level 6 of the Dungeon)
 C - an uncursed ring of positive energy {rN+}
   (You found it on level 10 of the Dungeon)
Wands
 l - a wand of random effects (8)
   (You found it on level 4 of the Dungeon)
 s - a wand of paralysis (1)
   (You took it off Joseph on level 9 of the Dungeon)
Scrolls
 f - 7 scrolls of identify
 j - 2 scrolls of teleportation
 q - 5 scrolls of remove curse {unknown}
 t - 2 scrolls of enchant armour {unknown}
 v - a scroll of vulnerability {unknown}
 x - 2 scrolls of blinking {unknown}
 y - 2 scrolls of immolation {!r}
 A - a scroll of fog
 D - a scroll of brand weapon {unknown}
Potions
 d - 3 potions of haste
 g - a potion of curing
 i - 5 potions of lignification {!q}
 k - a potion of magic
 m - a potion of mutation {!q}
 n - a potion of flight
 o - 2 potions of cancellation {unknown}


   Skills:
 - Level 2.1 Dodging
 - Level 2.4 Stealth
 - Level 4.9 Shields
 - Level 12.0 Spellcasting
 - Level 3.0 Translocations
 - Level 0.8 Transmutations
 + Level 14.2 Earth Magic
 - Level 5.2 Evocations


You had 22 spell levels left.
You knew the following spells:

 Your Spells              Type           Power        Failure   Level
a - Sandblast             Erth           ######       1%          1
g - Apportation           Tloc           ###...       3%          1
w - Passwall              Tmut/Erth      ######..     1%          2
x - Stone Arrow           Conj/Erth      ######       1%          3
z - Lee's Rapid Deconstr  Erth           #######...   1%          5

Your spell library contained the following spells:

 Spells                   Type           Power        Failure   Level
 Petrify                  Tmut/Erth      ######..     4%          4
 Animate Skeleton         Necr           ##....       11%         1
 Corona                   Hex            ##.....      11%         1
 Summon Small Mammal      Summ           ##..         11%         1
 Ensorcelled Hibernation  Hex/Ice        ##....       16%         2
 Confusing Touch          Hex            ##......     30%         3
 Dazzling Flash           Conj/Hex       ##....       30%         3
 Tukima's Dance           Hex            ##......     30%         3


Dungeon Overview and Level Annotations

Branches:
Dungeon (10/15)            Temple (1/1) D:6            Lair (0/6) D:9
    Orc (2/2) D:9         Ossuary (visited)           IceCv (1/1)
    Elf: Orc:2

Altars:
Ashenzari
Cheibriados
Dithmenos
Elyvilon
Fedhas
Gozag
Kikubaaqudgha
Makhleb
Nemelex Xobeh
Okawaru
Qazlal
Ru
Sif Muna
Trog
Uskayaw
Vehumet
Wu Jian
Xom
Yredelemnul
Zin
The Shining One
Beogh

Shops:
D:3 *   D:9 :   Orc:2 =

Annotations:
D:4 3 runed translucent doors, Amon001's ghost, weakling GnDe
D:8 1 runed translucent door, Irenicus's ghost, novice DDEE
D:9 manual of dodging 1700 gp


Innate Abilities, Weirdness & Mutations

You are resistant to damage.
You can heal yourself by infusing magical energy.
You passively map the area around you.
You do not regenerate.


Message History

The blast of sand hits the freezing wraith but does no damage.
The freezing wraith is almost destroyed.
b - 88 stones The freezing wraith hits you.
The freezing wraith freezes you!
The freezing wraith hits you but does no damage.
You take 13 damage, and have 68/81 hp.
Casting: Sandblast (safe; 1% risk of failure)
Confirm with . or Enter, or press ? or * to list all spells.
Aiming: Sandblast (safe; 1% risk of failure)
Press: ? - help, Shift-Dir - straight line, f/p - freezing wraith
Aim: a freezing wraith (almost destroyed)
You feel a surge of power!
The blast of sand hits the freezing wraith but does no damage.
The freezing wraith is almost destroyed.
b - 87 stones The freezing wraith hits you but does no damage.
The freezing wraith barely misses you.
You now have 7/27 mp.
The freezing wraith barely misses you. The freezing wraith hits you.
You take 6 damage, and have 62/81 hp.
Casting: Sandblast (safe; 1% risk of failure)
Confirm with . or Enter, or press ? or * to list all spells.
Aiming: Lee's Rapid Deconstruction (dangerous; 1% risk of failure)
Press: ? - help, Dir - move target cursor An ice covered rock wall.
Okay, then.
You hit the freezing wraith but do no damage.
The freezing wraith is moderately damaged.
The freezing wraith barely misses you. The freezing wraith hits you.
The freezing wraith drains your vigour!
You feel yourself slow down.
You take 5 damage, and have 57/81 hp.
Casting: Lee's Rapid Deconstruction (dangerous; 1% risk of failure)
Confirm with . or Enter, or press ? or * to list all spells.
Aiming: Lee's Rapid Deconstruction (dangerous; 1% risk of failure)
Press: ? - help, Dir - move target cursor, p - freezing wraith An ice covered rock wall.
Okay, then.
Casting: Lee's Rapid Deconstruction (dangerous; 1% risk of failure)
Confirm with . or Enter, or press ? or * to list all spells.
Press: ? - help, Dir - move target cursor, p - freezing wraith An ice covered rock wall.
You feel a surge of power!
The wall shatters!
The blast of rock fragments hits the freezing wraith!
You destroy the freezing wraith!
Makhleb accepts your kill.
You feel better.
The blast of rock fragments hits the freezing wraith!!
You destroy the freezing wraith!
Makhleb accepts your kill.
Your Earth Magic skill increases to level 14!
You regained 14 hp, and now have 71/81 hp.
You now have 5/27 mp.
Evoke which item? (* to show all) (? for menu, Esc to quit)
Aiming: Random Effects
Press: ? - help, Shift-Dir - straight line, f - freezing wraith
Aim: a freezing wraith (heavily damaged)
Okay, then.
Evoke which item? (* to show all) (? for menu, Esc to quit)
Aiming: Paralyse
Press: ? - help, Shift-Dir - straight line, f - freezing wraith
Aim: a freezing wraith (heavily damaged, chance to defeat MR: 44%)
The freezing wraith resists with some effort.
Evoke which item? (* to show all) (? for menu, Esc to quit)
Aiming: Paralyse
Press: ? - help, Shift-Dir - straight line, f/p - freezing wraith
Aim: a freezing wraith (heavily damaged, chance to defeat MR: 44%)
The freezing wraith suddenly stops moving!
A freezing wraith comes into view.
The helpless freezing wraith fails to defend itself.
You hit the freezing wraith but do no damage.
The freezing wraith is heavily damaged.
The freezing wraith hits you. The freezing wraith freezes you!
You block the freezing wraith's attack.
You take 17 damage, and have 54/81 hp.
MASSIVE DAMAGE!!
Casting: Lee's Rapid Deconstruction (dangerous; 1% risk of failure)
Confirm with . or Enter, or press ? or * to list all spells.
Press: ? - help, Dir - move target cursor, p - freezing wraith An ice covered rock wall.
You feel a surge of power!
The wall shatters!
The blast of rock fragments hits the freezing wraith!!!
You destroy the freezing wraith!
Makhleb accepts your kill.
You feel better.
The blast of rock fragments hits the freezing wraith!!
The freezing wraith is heavily damaged.
The freezing wraith hits you. The freezing wraith freezes you!!
The freezing wraith hits you. The freezing wraith hits you!
The freezing wraith freezes you!
* * * LOW HITPOINT WARNING * * *
The freezing wraith misses you.
You take 35 damage, and have 19/81 hp.
MASSIVE DAMAGE!!
You now have 3/27 mp.
Evoke which item? (* to show all) (? for menu, Esc to quit)
Aiming: Paralyse
Press: ? - help, Shift-Dir - straight line, f - freezing wraith
Aim: a freezing wraith (heavily damaged, chance to defeat MR: 44%)
The freezing wraith resists with some effort.
The freezing wraith hits you!
* * * LOW HITPOINT WARNING * * *
The freezing wraith freezes you!!
You die...

###### ###....##
#.......# ** *
#...###..## ≈ ≈
*#...###.W## ≈≈
*#...###.@## ≈
#...# #...# ...#
#..## ##### * .W#
#...### ###...####
, ≈ ##*
##....###........##
,
##...............##
, ≈ *,
####.............#
≈ * *
##............# * ≈
##..........#*


You could see a freezing wraith.

Vanquished Creatures
  Erolcha (D:9)
  Harold (D:9)
  Erica (D:10)
  A two-headed ogre (D:10)
  A wizard (D:10)
  Joseph (D:9)
  2 rime drakes (Orc:2)
  3 freezing wraiths (IceCv)
  3 trolls
  A hornet (D:8)
  3 hippogriffs
  A vampire (D:10)
  10 yaks (D:9)
  2 wyverns
  8 ice beasts
  3 sky beasts (D:9)
  An alligator simulacrum (IceCv)
  9 orc warriors
  A black bear (D:8)
  A necrophage (D:7)
  3 phantoms
  6 ogres
  6 centaurs
  A crocodile (D:7)
  4 bullfrogs
  2 scorpions
  7 killer bees
  6 wights
  2 howler monkeys
  A bullfrog zombie (D:6)
  A centaur zombie (D:10)
  3 jellies
  11 orc wizards
  6 orc priests
  3 bullfrog skeletons
  4 centaur skeletons
  3 iguanas
  6 worker ants
  2 polar bear simulacra (IceCv)
  A killer bee zombie (D:6)
  A wolf simulacrum (IceCv)
  6 big kobold zombies (Ossuary)
  2 hound zombies
  A mummy (Ossuary)
  A worker ant zombie (D:9)
  A howler monkey zombie (D:6)
  8 adders
  A river rat (D:6)
  A shadow imp (D:7)
  6 white imps
  2 ufetubi
  An adder zombie (D:9)
  4 worms
  2 dart slugs
  3 leopard geckos
  40 orcs
  4 spectral bats (Ossuary)
  8 bats
  8 giant cockroaches
  6 gnoll zombies (Ossuary)
  6 hobgoblins
  7 jackals
  2 quokkas
  4 ball pythons
  3 bat simulacra (Ossuary)
  7 frilled lizards
  8 goblins
  4 goblin simulacra (Ossuary)
  4 goblin zombies (Ossuary)
  4 hobgoblin zombies (Ossuary)
  6 kobolds
  3 kobold simulacra (Ossuary)
  7 kobold zombies (Ossuary)
  2 orc zombies (Ossuary)
  15 rats
  3 rat simulacra (Ossuary)
  5 spectral goblins (Ossuary)
  4 spectral rats (Ossuary)
332 creatures vanquished.

Vanquished Creatures (others)
  2 plants (D:1)
2 creatures vanquished.

Grand Total: 334 creatures vanquished

Notes
Turn   | Place    | Note
-------+----------+-------------------------------------------
     0 | D:1      | Irenicus the Deep Dwarf Earth Elementalist began the quest
                  | for the Orb.
     0 | D:1      | Reached XP level 1. HP: 15/15 MP: 3/3
   130 | D:1      | Reached XP level 2. HP: 22/22 MP: 0/4
   152 | D:1      | Reached skill level 5 in Earth Magic
   449 | D:1      | Learned a level 2 spell: Passwall
   583 | D:2      | Reached XP level 3. HP: 20/28 MP: 1/5
   714 | D:2      | Reached skill level 6 in Earth Magic
   907 | D:2      | Found a faded altar of an unknown god.
   987 | D:2      | You fall into a shaft and drop 1 floor!
   987 | D:3      | Found Zin's Purification Station.
   987 | D:3      | Found a glowing silver altar of Zin.
  1053 | D:3      | Reached XP level 4. HP: 12/36 MP: 1/6
  1133 | D:3      | HP: 9/36 [jackal (1)]
  1223 | D:3      | Reached skill level 7 in Earth Magic
  1291 | D:3      | Reached XP level 5. HP: 10/42 MP: 0/7
  1444 | D:3      | Reached skill level 8 in Earth Magic
  1717 | D:4      | Found a runed translucent gate.
  1718 | D:4      | HP: 8/42 [adder (2)]
  1721 | D:4      | Found a runed translucent gate.
  1721 | D:4      | Found a runed translucent gate.
  1722 | D:4      | Noticed Amon001's ghost (weakling GnDe)
  1955 | D:4      | Reached skill level 9 in Earth Magic
  1955 | D:4      | Reached XP level 6. HP: 8/49 MP: 5/8
  2131 | D:4      | Found a faded altar of an unknown god.
  2131 | D:4      | Found a faded altar of an unknown god.
  2136 | D:4      | Found a glowing golden altar of the Shining One.
  2138 | D:4      | Found an iron altar of Okawaru.
  2139 | D:4      | Found a bloodstained altar of Trog.
  2227 | D:5      | Entered Level 5 of the Dungeon
  2359 | D:5      | Found a sacrificial altar of Ru.
  2362 | D:5      | Found a shimmering blue altar of Sif Muna.
  2403 | D:6      | Found a blossoming altar of Fedhas.
  2463 | D:6      | Reached skill level 10 in Earth Magic
  2549 | D:6      | Found a sand-covered staircase.
  2553 | Ossuary  | Entered an ossuary
  2660 | Ossuary  | Reached XP level 7. HP: 37/55 MP: 4/9
  2690 | Ossuary  | Reached skill level 1 in Shields
  2699 | Ossuary  | Reached skill level 2 in Spellcasting
  2835 | Ossuary  | Reached skill level 2 in Shields
  2978 | D:6      | Got a spiked ring mail
  2990 | D:6      | Identified the cursed +1 ring mail "Jitaitysk" {Dex+4} (You
                  | found it on level 6 of the Dungeon)
  3046 | D:6      | Reached skill level 3 in Shields
  3142 | D:6      | Found a staircase to the Ecumenical Temple.
  3172 | Temple   | Entered the Ecumenical Temple
  3252 | Temple   | Became a worshipper of Makhleb the Destroyer
  3445 | D:7      | Reached skill level 4 in Shields
  3446 | D:7      | HP: 11/55 [orc priest/divine providence (8)]
  3448 | D:7      | Reached skill level 3 in Spellcasting
  3455 | D:7      | HP: 5/55 [orc wizard/magic dart (6)]
  3456 | D:7      | Reached XP level 8. HP: 6/62 MP: 8/12
  3478 | D:7      | Learned a level 3 spell: Stone Arrow
  3483 | D:7      | HP: 4/62 [orc/boomerang (2)]
  3515 | D:7      | HP: 1/62 [orc/boomerang (3)]
  3524 | D:7      | Reached skill level 4 in Spellcasting
  3561 | D:7      | HP: 4/62 [orc/+0 morningstar (6)]
  3580 | D:7      | HP: 6/62 [worker ant (3)]
  3648 | D:7      | HP: 13/62 [killer bee (1)]
  3648 | D:7      | HP: 1/62 [orc priest/divine providence (12)]
  3650 | D:7      | Reached skill level 11 in Earth Magic
  3667 | D:7      | Reached * piety under Makhleb
  3678 | D:7      | Reached skill level 12 in Earth Magic
  3742 | D:7      | HP: 11/62 [ogre/+0 giant club (13)]
  3751 | D:7      | Learned a level 5 spell: Lee's Rapid Deconstruction
  3753 | D:7      | Learned a level 1 spell: Apportation
  3907 | D:7      | Gained mutation: You passively map the area around you.
                  | [Deep Dwarf growth]
  3907 | D:7      | Reached XP level 9. HP: 27/68 MP: 9/15
  4051 | D:7      | Reached skill level 13 in Earth Magic
  4114 | D:8      | Reached skill level 1 in Translocations
  4127 | D:8      | Paralysed by a hornet for 1 turns
  4127 | D:8      | HP: 14/68 [hornet (6)]
  4130 | D:8      | Reached skill level 2 in Translocations
  4192 | D:8      | Found a runed translucent door.
  4193 | D:8      | Found a shimmering altar of Xom.
  4193 | D:8      | Noticed Irenicus's ghost (novice DDEE)
  4193 | D:8      | Noticed a +0 rapier of chaos
  4271 | D:8      | Reached skill level 3 in Translocations
  4300 | D:8      | HP: 17/68 [killer bee (1)]
  4316 | D:8      | Reached skill level 2 in Evocations
  4328 | D:8      | Reached skill level 3 in Evocations
  4330 | D:8      | Reached skill level 4 in Evocations
  4387 | D:8      | Reached skill level 5 in Evocations
  4447 | D:8      | Reached ** piety under Makhleb
  4508 | D:9      | Noticed Harold
  4511 | D:9      | Reached skill level 5 in Spellcasting
  4515 | D:9      | Killed Harold
  4515 | D:9      | Reached skill level 6 in Spellcasting
  4515 | D:9      | Reached XP level 10. HP: 65/75 MP: 4/19
  4567 | D:9      | Noticed Erolcha
  4573 | D:9      | Killed Erolcha
  4573 | D:9      | Reached skill level 7 in Spellcasting
  4593 | D:9      | Noticed Joseph
  4600 | D:9      | Reached skill level 8 in Spellcasting
  4601 | D:9      | Killed Joseph
  4695 | D:9      | Found a staircase to the Orcish Mines.
  4699 | D:9      | Found Docosown's Book Shop.
  4870 | D:9      | Found an ancient bone altar of Kikubaaqudgha.
  4877 | D:9      | Reached skill level 9 in Spellcasting
  4899 | D:9      | Found a staircase to the Lair.
  4964 | D:9      | Found a sparkling altar of Nemelex Xobeh.
  4982 | D:9      | Reached *** piety under Makhleb
  4993 | D:9      | Reached XP level 11. HP: 72/81 MP: 1/24
  5036 | D:10     | Entered Level 10 of the Dungeon
  5037 | D:10     | Noticed Erica
  5043 | D:10     | Killed Erica
  5043 | D:10     | Reached skill level 10 in Spellcasting
  5160 | D:10     | Noticed a wizard
  5167 | D:10     | Killed a wizard
  5486 | D:10     | Noticed a two-headed ogre
  5491 | D:10     | Killed a two-headed ogre
  5491 | D:10     | Reached skill level 11 in Spellcasting
  5576 | Orc:1    | Entered Level 1 of the Orcish Mines
  5608 | Orc:2    | Entered Level 2 of the Orcish Mines
  5659 | Orc:2    | Found a frozen archway.
  5678 | Orc:2    | Noticed an orc knight
  5689 | Orc:2    | HP: 14/81 [orc warrior/+0 short sword[an orc knight] (13)]
  5698 | Orc:2    | Reached **** piety under Makhleb
  5699 | Orc:2    | Found Urchuar's Jewellery Emporium.
  5752 | Orc:1    | Found a roughly hewn altar of Beogh.
  5779 | Orc:1    | Noticed an orc knight
  5818 | IceCv    | Entered an ice cave
  5842 | IceCv    | Reached skill level 12 in Spellcasting
  5880 | IceCv    | Reached skill level 14 in Earth Magic
  5884 | IceCv    | HP: 19/81 [freezing wraith (12)]
  5885 | IceCv    | Slain by a freezing wraith

Illustrated notes

Levels and vault maps discovered:
D:1:      psy_arrival_radial02, layout_basic, serial_bayou,
          serial_bayou_shore_a, serial_bayou_pond_b, serial_bayou_pond_e,
          serial_bayou_ford_a, minivault_25
D:2:      layout_loops_ring, chequers_ecumenical_altar_grove,
          minmay_misc_feat_diagonals, minmay_tromino_mix6
D:3:      minmay_skewed_foursquare, layout_basic, zin_purify,
          minmay_starry_boxes
D:4:      layout_loops_ring, chequers_temple_overflow_minitemple,
          gammafunk_ghost_necromancy
D:5:      layout_loops_corners, chequers_temple_overflow_statue_of_worship
D:6:      layout_loops_corners, kennysheep_mini_moat, temple_green,
          cheibrodos_sewer_entry_sluice, enter_ossuary_5, chequers_avenue,
          minmay_misc_feat_tiny
D:7:      layout_basic
D:8:      wander_river, layout_cave_pods, ebering_ghost_xom
D:9:      layout_rooms, lemuel_doored_altar, nemelex_altar_shiori,
          lair_entry_dummy, serial_shops, shop, uniq_erolcha, uniq_harold,
          uniq_joseph
D:10:     layout_loops_ring, grunt_ministairs_3, uniq_erica
Temple:   nicolae_temple_figure_eight
Orc:1:    layout_diamond_mine, mines2_david
Orc:2:    st_orc_town, layout_diamond_mine, portal_ice_cave_rime, serial_shops,
          shop
IceCv:    ice_cave_small_necro

Skill      XL: |  1  2  3  4  5  6  7  8  9 10 11 |
---------------+----------------------------------+-----
Earth Magic    | 5 6 7 9 10 12 13 14 | 14.2
Shields        | 4 |  4.9
Spellcasting   | 3 4 6 9 12 | 12.0
Translocations | 3 |  3.0
Evocations     | 5 |  5.2
Dodging        | |  2.1
Stealth        | |  2.4
Transmutations | |  0.8

Action                   |  1- 3 |  4- 6 |  7- 9 | 10-12 || total
-------------------------+-------+-------+-------+-------++-------
Melee: Short sword       |    50 |    29 |       |       ||    79
       Unarmed           |     1 |       |       |       ||     1
       Staff             |       |    55 |   137 |    34 ||   226
 Cast: Sandblast         |    54 |    68 |    93 |    27 ||   242
       Passwall          |     5 |     4 |     3 |     8 ||    20
       Stone Arrow       |       |       |    36 |    73 ||   109
       Lee's Rapid Decon |       |       |     7 |    31 ||    38
       Apportation       |       |       |       |     5 ||     5
 Abil: Heal Wounds       |       |       |     1 |       ||     1
Evoke: Wand              |       |     1 |    14 |    25 ||    40
  Use: Scroll            |       |    12 |     3 |     1 ||    16
       Potion            |       |     3 |     6 |       ||     9
 Stab: Paralysed         |       |       |     6 |     4 ||    10
Armor: Ring mail         |    28 |    49 |    77 |    20 ||   174
       Skin              |       |       |     2 |       ||     2
Dodge: Dodged            |    58 |    65 |   105 |    37 ||   265
Block: Buckler           |       |       |    12 |    17 ||    29

Table legend: (Time is in decaauts)
 A = Elapsed time spent in this place.
 B = Non-inter-level travel time spent in this place.
 C = Inter-level travel time spent in this place.
 D = Time resting spent in this place.
 E = Time spent auto-exploring this place.
 F = Levels seen in this place.
 G = Mean time per level.
                   A        B        C        D        E       F      G
               +--------+--------+--------+--------+--------+-----+--------+
         Total |   5977 |   5812 |    165 |      6 |      0 |  15 |  398.5 |
       Dungeon |   5205 |   5052 |    153 |      6 |      0 |  10 |  520.5 |
        Temple |     93 |     81 |     12 |      0 |      0 |   1 |   93.0 |
  Orcish Mines |    243 |    243 |      0 |      0 |      0 |   2 |  121.5 |
       Ossuary |    364 |    364 |      0 |      0 |      0 |   1 |  364.0 |
      Ice Cave |     70 |     70 |      0 |      0 |      0 |   1 |   70.0 |
               +--------+--------+--------+--------+--------+-----+--------+

Top non-repeatable levels by time:
     D:3: 683 daAuts
     D:7: 669 daAuts
     D:6: 586 daAuts
     D:8: 573 daAuts
     D:1: 563 daAuts
     D:4: 529 daAuts
    D:10: 488 daAuts
     D:2: 472 daAuts
     D:9: 464 daAuts
 Ossuary: 364 daAuts
     D:5: 172 daAuts
   Orc:2: 130 daAuts
   Orc:1: 112 daAuts
  Temple: 93 daAuts
   IceCv: 70 daAuts

Table legend:
 A = Kills in this place as a percentage of kills in entire the game.
 B = Kills by you in this place as a percentage of kills by you in the entire game.
 C = Kills by friends in this place as a percentage of kills by friends in the entire game.
 D = Other kills in this place as a percentage of other kills in the entire game.
 E = Experience gained in this place as a percentage of experience gained in the entire game.
 F = Experience gained in this place divided by the number of levels of this place that you have seen.
                   A       B       C       D       E      F
               +-------+-------+-------+-------+-------+----------------------
         Total | 100.0 | 100.0 |   N/A |   N/A | 100.0 | 1340.1
       Dungeon |  69.3 |  69.3 |   N/A |   N/A |  74.7 | 1502.4
  Orcish Mines |   8.7 |   8.7 |   N/A |   N/A |  14.4 | 1449.5
       Ossuary |  16.9 |  16.9 |   N/A |   N/A |   1.2 | 238.0
      Ice Cave |   5.1 |   5.1 |   N/A |   N/A |   9.7 | 1940.0
               +-------+-------+-------+-------+-------+----------------------
